 Dungeon Crawl Stone Soup version 0.31.0 (webtiles) character file.

Game seed: 17365972905663822805

31 Weaver the Digger (level 3, 0/20 HPs)
             Began as a Gargoyle Earth Elementalist on Jan 19, 2024.
             Slain by a gnoll
             ... wielding a +0 whip
              (8 damage)
             ... on level 2 of the Dungeon.
             The game lasted 00:07:56 (1384 turns).

Weaver the Digger (Gargoyle Earth Elementalist)     Turns: 1384, Time: 00:07:56

Health: 0/20       AC: 13    Str: 13    XL:     3   Next: 22%
Magic:  5/6        EV:  3    Int: 15    God:
Gold:   45         SH:  0    Dex: 10    Spells: 5/6 levels left

rFire   . . .        f - +0 club
rCold   . . .        (no shield)
rNeg    + . .        r - +0 plate armour
rPois   ∞            (no helmet)
rElec   +            (no cloak)
rCorr   .            (no gloves)
SInv    .            (no boots)
Will    .....        p - amulet of the acrobat Stlth
                     (no ring)
HPRegen 0.23/turn    (no ring)
MPRegen 0.10/turn

%: acrobat
@: very slightly contaminated
A: sickness immunity, AC +3, negative energy resistance 1, electricity
resistance, torment resistance 1, petrification resistance
a: no special abilities


You were on level 2 of the Dungeon.
You visited 1 branch of the dungeon, and saw 3 of its levels.

You collected 75 gold pieces.
You spent 30 gold pieces at shops.

Inventory:

Hand Weapons
 c - a +0 dagger
 f - a +0 club (weapon)
Missiles
 d - 20 stones
 e - 2 poisoned darts
Armour
 a - a +0 robe
 r - a +0 plate armour (worn)
Jewellery
 l - a ring of ice
 p - an amulet of the acrobat (around neck)
Scrolls
 h - 3 scrolls of identify {unknown}
 i - a scroll of brand weapon {unknown}
 j - a scroll of amnesia {unknown}
 n - a scroll of acquirement {unknown}
 q - a scroll of revelation {unknown}
Potions
 b - a potion of magic
 g - a potion of lignification {unknown}
 k - 2 potions of curing
 m - a potion of might {unknown}
 o - a potion of heal wounds {unknown}


   Skills:
 + Level 1.1 Fighting
 + Level 0.8 Maces & Flails
 * Level 1.1 Armour
 - Level 1.5 Dodging
 - Level 2.1 Stealth
 - Level 2.3 Spellcasting
 + Level 1.1 Conjurations
 + Level 4.0 Earth Magic


You had 5 spell levels left.
You knew the following spells:

 Your Spells              Type           Power      Damage    Failure   Level
a - Sandblast             Erth           26%        2d8       100%        1

Your spell library contained the following spells:

 Spells                   Type           Power      Damage    Failure   Level
 Call Canine Familiar     Summ           1%         N/A       100%        3
 Inner Flame              Hex/Fire       1%         N/A       100%        3
 Passwall                 Erth           13%        N/A       100%        3
 Sigil of Binding         Hex            1%         N/A       100%        3
 Stone Arrow              Conj/Erth      18%        3d8       100%        3
 Brom's Barrelling Bould  Conj/Erth      9%         2d3       100%        4
 Dimensional Bullseye     Hex/Tloc       0%         N/A       100%        4
 Flame Wave               Conj/Fire      3%         2d5       100%        4
 Petrify                  Alch/Erth      7%         N/A       100%        4
 Sticky Flame             Fire/Alch      1%         2d4       100%        4


Dungeon Overview and Level Annotations

Branches:
Dungeon (3/15)

Altars:

Shops:
D:1 !


Innate Abilities, Weirdness & Mutations

You are immune to sickness and miasma.
Your stone body is resilient. (AC +3)
You are immune to poison.
You resist negative energy. (rN+)
You are resistant to electric shocks. (rElec)
You are resistant to unholy torment.
You are immune to petrification.


Message History

Found a club.
You see here a +0 dagger.
Done exploring.
Done exploring.
There is a stone staircase leading up here.
There is an open door here.
There is a stone staircase leading down here.
You climb downwards.
The goblin shouts!
The gnoll shouts! x2
Found a robe, a chain mail and a blue potion.
There is a stone staircase leading up here.
There are monsters nearby!
You climb upwards.
There is a stone staircase leading down here.
There is a stone staircase leading down here.
You climb downwards.
The endoplasm quivers.
The gnoll shouts!
There is a stone staircase leading up here.
The gnoll hits you but does no damage.
You climb upwards.
There is a stone staircase leading down here.
You hit the gnoll.
The gnoll is moderately wounded.
The gnoll hits you with a +0 whip. x2
You hit the gnoll.
The gnoll is heavily wounded.
The gnoll hits you with a +0 whip.
Casting: Sandblast (safe; 100% risk of failure)
Confirm with . or Enter, or press ? or * to list all spells.
Aiming: Sandblast (safe; 100% risk of failure)
Press: ? - help, Shift-Dir - straight line, f - gnoll
Aim: a gnoll, wielding a +0 whip (heavily wounded, 84% to hit)
You miscast Sandblast.
You are very lightly contaminated with residual magic.
Nothing appears to happen.
The gnoll hits you with a +0 whip.
You hit the gnoll but do no damage.
The gnoll is heavily wounded.
The gnoll hits you with a +0 whip!
You die...

#.~♣# ##...## #..#####
###.#### ##.....## #......#
#.##.## ##.....>.## ##.###.#
#.#...####.........####.......
#........'.........'..........
#.#...####.........####...##.#
##.##.## ##.......## ##.###.#
#...### ##.....## ### #.#
#.#.# ##@..## #####.# #...#
##g## #...... ###.# #.#
#.###.# #.# #.# #.....# #.#
##.## #..#### #.#
########...## #..#### #.#
#...........# #......
#†###.#####....#########.####
#........................#


You could see a gnoll.

Vanquished Creatures
  A ribbon worm (D:2)
  3 bats
  2 endoplasms
  A giant cockroach (D:2)
  7 goblins
  5 hobgoblins
  A quokka (D:2)
  A ball python (D:2)
  A frilled lizard (D:2)
  2 kobolds
  A rat (D:1)
25 creatures vanquished.

Notes
Turn   | Place    | Note
-------+----------+-------------------------------------------
     0 | D:1      | Weaver the Gargoyle Earth Elementalist began the quest for
                  | the Orb.
     0 | D:1      | Reached XP level 1. HP: 10/10 MP: 3/3
   215 | D:1      | Reached XP level 2. HP: 11/16 MP: 5/5
   254 | D:1      | Found Giseot's Distillery.
   261 | D:1      | Bought a potion of curing for 30 gold pieces
   595 | D:2      | Reached skill level 1 in Fighting
   603 | D:2      | Reached skill level 1 in Armour
   672 | D:2      | Found a faded altar of an unknown god.
   791 | D:2      | Reached skill level 4 in Earth Magic
   791 | D:2      | Reached XP level 3. HP: 11/20 MP: 3/6
  1384 | D:2      | Slain by a gnoll

Illustrated notes

Levels and vault maps discovered:
D:1:      lightli_arrival_lavapool, layout_loops_ring, serial_shops, shop
D:2:      layout_loops_corners, basic_ecumenical_altar, serial_bayou_pond_e
D:3:      layout_loops_cross

Skill      XL: |  1  2 |
---------------+-------+-----
Fighting       | 1 |  1.1
Armour         | 1 |  1.1
Earth Magic    | 4 |  4.0
Maces & Flails | |  0.8
Dodging        | |  1.5
Stealth        | |  2.1
Spellcasting   | |  2.3
Conjurations   | |  1.1

Action                     || total
---------------------------++-------
  Melee: Dagger            ||    16
         Unarmed           ||     6
         Club              ||    83
         Punch             ||     3
   Cast: Sandblast         ||    13
    Use: Scroll            ||     1
   Stab: Sleeping          ||     3
 Armour: Robe              ||    68
         Plate armour      ||     7
  Dodge: Dodged            ||    65
